 Dungeon Crawl Stone Soup version 0.19.1 (webtiles) character file.

87 Malachi the Insei (level 4, 0/32 HPs)
             Began as a Demonspawn Transmuter on Dec 8, 2016.
             Succumbed to an adder's poison
             ... on level 2 of the Dungeon.
             The game lasted 00:04:38 (2251 turns).

Malachi the Insei (Demonspawn Transmuter)           Turns: 2251, Time: 00:04:38

Health: 0/32       AC:  4    Str:  8 (10) XL:     4   Next: 28%
Magic:  5/7        EV: 12    Int: 14 (15) God:
Gold:   79         SH:  0    Dex: 14      Spells: 2 memorised, 5 levels left

rFire  . . .     SeeInvis .       - Unarmed
rCold  . . .     Gourm    .     b - +0 robe
rNeg   . . .     Faith    .     (no shield)
rPois  .         Spirit   .     (no helmet)
rElec  .         Reflect  .     (no cloak)
rCorr  .         Harm     .     (no gloves)
MR     .....                    (no boots)
Stlth  ++........               (no amulet)
                                (no ring)
                                (no ring)

@: lethally poisoned (0 -> -6)
A: molten scales 1, powered by death 1
a: no special abilities


You were on level 2 of the Dungeon.
You were not hungry.

You visited 1 branch of the dungeon, and saw 2 of its levels.

You collected 79 gold pieces.

Inventory:

Missiles
 a - 3 arrows
Armour
 b - a +0 robe (worn)
Scrolls
 e - a scroll of fog {unknown}
 g - a scroll of amnesia {unknown}
 i - a scroll of fear {unknown}
 j - 2 scrolls of identify {unknown}
 l - a scroll of immolation {unknown}
Books
 c - a book of Changes

   Spells                             Type                      Level
   a - Beastly Appendage              Transmutation                1
   b - Sticks to Snakes               Transmutation                2
   c - Spider Form                    Transmutation/Poison         3
   d - Ice Form                       Ice/Transmutation            4
   e - Blade Hands                    Transmutation                5
Comestibles
 d - a bread ration
 h - a chunk of flesh


   Skills:
 + Level 1.1 Fighting
 + Level 2.1 Dodging
 + Level 0.6 Stealth
 + Level 3.5 Unarmed Combat
 + Level 2.5 Spellcasting
 + Level 2.4 Transmutations


You had 5 spell levels left.
You knew the following spells:

 Your Spells              Type           Power        Failure   Level  Hunger
a - Beastly Appendage     Tmut           #.....       10%         1    #......
b - Sticks to Snakes      Tmut           #.......     14%         2    ###....


Dungeon Overview and Level Annotations

Branches:
Dungeon (2/15)

Altars:


Innate Abilities, Weirdness & Mutations

You are partially covered in molten scales. (AC +2)
You regenerate a little health from kills.


Message History

t - Shout!
Orders for allies: a - Attack new target. r - Retreat! s - Stop attacking. g - Guard the area. f - Follow me.
Anything else - Cancel.
Gang up on whom?
Press: ? - help, Dir - move target cursor, f - adder
Aim: an adder (heavily wounded) Attack!
* * * LOW HITPOINT WARNING * * *
You feel sick.
Your adder bites the adder but does no damage.
The adder closely misses you.
* * * LOW HITPOINT WARNING * * *
You feel sick.
Your adder bites the adder.
Your adder closely misses the adder.
The adder barely misses you.
* * * LOW HITPOINT WARNING * * *
You feel sick. The adder bites you but does no damage.
Your adder misses the adder.
You die...

..########...##.........#
.## ###....#####...#####
.##### ##..## ##......##
....>##
##.#....r(.####..#
####..## ##r#?.)..###
##.# ##..######.S#.$...
#.# ##........S##... #.#
####.......##### ##.#
####.###..#@...# ####..#
#....###..##..## #....##
#.#####[......+ #.####
######.##....####..##
##.# ..).......###
#...###..# ##...######
#.#...รท.## ......##
#.####### .####..## #.#
##..# #.#


You could see an adder and a friendly adder.

Vanquished Creatures
  Terence (D:2)
  An adder (D:2)
  A leopard gecko (D:1)
  12 bats
  A giant cockroach (D:2)
  3 goblins
  6 hobgoblins
  6 jackals
  6 kobolds
  A ball python (D:1)
  3 frilled lizards
  2 rats
43 creatures vanquished.

Vanquished Creatures (collateral kills)
  An adder (D:2)
  A hobgoblin (D:2)
  A jackal (D:2)
3 creatures vanquished.

Grand Total: 46 creatures vanquished

Notes
Turn   | Place    | Note
-------+----------+-------------------------------------------
     0 | D:1      | Malachi the Demonspawn Transmuter began the quest for the Orb.
     0 | D:1      | Reached XP level 1. HP: 15/15 MP: 3/3
   466 | D:1      | Reached skill level 3 in Unarmed Combat
   499 | D:1      | Gained mutation: You are partially covered in molten scales. (AC +2) [demonic ancestry]
   499 | D:1      | Reached XP level 2. HP: 16/21 MP: 3/5
  1105 | D:1      | Reached XP level 3. HP: 25/26 MP: 4/6
  1114 | D:1      | Learned a level 2 spell: Sticks to Snakes
  1451 | D:2      | Noticed Terence
  1485 | D:2      | Gained mutation: You are weak. (Str -2) [potion of mutation]
  1485 | D:2      | Gained mutation: You can translocate small distances at will. [potion of mutation]
  1485 | D:2      | Gained mutation: You have sharp toenails. [potion of mutation]
  1962 | D:2      | Killed Terence
  1962 | D:2      | Gained mutation: You regenerate a little health from kills. [demonic ancestry]
  1962 | D:2      | Reached XP level 4. HP: 17/32 MP: 0/7
  2235 | D:2      | Lost mutation: You are weak. (Str -2) [potion of cure mutation]
  2235 | D:2      | Lost mutation: You have sharp toenails. [potion of cure mutation]
  2235 | D:2      | Lost mutation: You can translocate small distances at will. [potion of cure mutation]
  2249 | D:2      | HP: 1/32 [poisoned by an adder]
  2251 | D:2      | Succumbed to an adder's poison

Skill      XL: |  1  2 |
---------------+-------+-----
Transmutations | 2 |  2.4
Unarmed Combat | 3 |  3.5
Dodging        | 2 |  2.1
Fighting       | |  1.1
Stealth        | |  0.6
Spellcasting   | |  2.5

Action                   |  1- 3 |  4- 6 || total
-------------------------+-------+-------++-------
Melee: Unarmed           |   146 |    26 ||   172
       Headbutt          |     6 |     3 ||     9
       Kick              |     9 |     4 ||    13
 Cast: Beastly Appendage |    19 |     4 ||    23
       Sticks to Snakes  |     8 |     1 ||     9
  Use: Potion            |     4 |     1 ||     5
 Stab: Sleeping          |     2 |     1 ||     3
       Distracted        |       |     1 ||     1
  Eat: Chunk             |     4 |     1 ||     5
Armor: Robe              |    69 |     8 ||    77
       Skin              |     4 |       ||     4
Dodge: Dodged            |   128 |    17 ||   145
